 Dungeon Crawl Stone Soup version 0.30-a0-591-g3c58d2bc28 (webtiles) character file.

Game seed: 2754935458429932734

2970 wormed the Transmogrifier (level 9, -3/68 HPs)
             Began as an Octopode Transmuter on Jan 4, 2023.
             Shot with an arrow by a centaur warrior (16 damage)
             ... on level 8 of the Dungeon.
             The game lasted 00:14:33 (9065 turns).

wormed the Transmogrifier (Octopode Transmuter)     Turns: 9065, Time: 00:14:34

Health: -3/68      AC: 14    Str:  9    XL:     9   Next: 82%
Magic:  0/17       EV: 11    Int: 19    God:
Gold:   1258       SH:  0    Dex: 13    Spells: 12/19 levels left

rFire   x . .      SeeInvis .      - Unarmed
rCold   + + +      Faith    .    (shield currently unavailable)
rNeg    . . .      Spirit   +    (helmet currently unavailable)
rPois   +          Reflect  .    o - amulet of guardian spirit
rElec   .          Harm     .    t - +4 ring of protection
rCorr   .          Rampage  .    i - ring of protection from fire
Will    .....                    d - ring of ice
Stlth   +                        (no ring)
HPRegen 0.31/turn                (no ring)
MPRegen 0.15/turn                (no ring)
                                 (no ring)
                                 (no ring)

@: ice-form
A: freezing attack, boosted hp, almost no armour, amphibious, 8 rings, large,
(camouflage 1), (gelatinous body 1), (nimble swimmer 1), (tentacles)
a: End Transformation


You were on level 8 of the Dungeon.
You were a creature of crystalline ice.
You visited 1 branch of the dungeon, and saw 8 of its levels.

You collected 1258 gold pieces.

Inventory:

Missiles
 a - 2 throwing nets
Magical Staves
 v - a staff of air (melded)
Jewellery
 d - a ring of ice (on tentacle)
 i - a ring of protection from fire (right front paw)
 j - a ring of ice
 o - an amulet of guardian spirit (around neck)
 t - a +4 ring of protection (left front paw)
Wands
 h - a wand of flame (19)
 r - a wand of roots (12)
Scrolls
 c - 4 scrolls of noise {unknown}
 e - 4 scrolls of teleportation
 l - 3 scrolls of fear
 q - a scroll of amnesia {unknown}
Potions
 b - 3 potions of might
 f - a potion of attraction
 g - 2 potions of haste
 k - a potion of magic
 m - a potion of cancellation {unknown}
 n - a potion of brilliance {unknown}
 p - a potion of resistance {unknown}
 s - a potion of flight {unknown}


   Skills:
 + Level 3.3 Fighting
 + Level 3.8 Dodging
 + Level 4.4 Unarmed Combat
 + Level 5.9 Spellcasting
 * Level 9.1 Transmutations
 - Level 5.0 Ice Magic


You had 12 spell levels left.
You knew the following spells:

 Your Spells              Type           Power      Damage    Failure   Level
a - Ice Form              Ice/Tmut       48%        N/A       6%          4
b - Wereblood             Tmut           40%        N/A       1%          2
c - Beastly Appendage     Tmut           80%        N/A       1%          1

Your spell library contained the following spells:

 Spells                   Type           Power      Damage    Failure   Level
 Passwall                 Tmut/Erth      18%        N/A       2%          2
 Spider Form              Tmut/Pois      22%        N/A       5%          3
 Ensorcelled Hibernation  Hex/Ice        44%        N/A       6%          2
 Blade Hands              Tmut           20%        N/A       8%          5
 Kiss of Death            Conj/Necr      20%        2d7       12%         1
 Blink                    Tloc           10%        N/A       17%         2
 Momentum Strike          Conj/Tloc      10%        3d8       17%         2
 Confusing Touch          Hex            5%         N/A       34%         3
 Lesser Beckoning         Tloc           10%        N/A       34%         3
 Portal Projectile        Hex/Tloc       10%        N/A       34%         3
 Swiftness                Air            5%         N/A       34%         3
 Tukima's Dance           Hex            5%         N/A       34%         3
 Dispel Undead            Necr           5%         3d7       75%         4


Dungeon Overview and Level Annotations

Branches:
Dungeon (8/15)             Temple (0/1) D:5
   Lair: D:8-11

Altars:
Dithmenos
Qazlal
Vehumet
Zin
The Shining One

Shops:
D:4 :   D:6 (


Innate Abilities, Weirdness & Mutations

You are a creature of crystalline ice.
You have a powerful freezing melee attack.
Your maximum health is increased.
Your armour is entirely melded.
You are incapable of wielding weapons or throwing items.
You cannot wear most types of armour.
You are amphibious.
You can wear up to eight rings at the same time.
((Your skin changes colour to match your surroundings (Stealth+).))
((Your rubbery body absorbs attacks. (AC +1, EV +1)))
((You are camouflaged when in or above water. (Stealth+)))
((You have tentacles for arms and can constrict up to eight enemies at once.))


Message History

You start resting.
You howl as the wereblood boils in your veins!
You start resting.
You howl as the wereblood boils in your veins!
You start resting.
You howl as the wereblood boils in your veins!
You start resting.
Your primal bloodlust is almost over.
You start resting.
You howl as the wereblood boils in your veins!
You start resting.
Your primal bloodlust has ended.
Magic restored.
Your transformation is almost over.
HP restored.
You warm up again.
Your staff of air unmelds from your body.
There is a stone staircase leading down here.
Search for what [Enter for "."]?
You climb downwards.
Found a stone staircase leading down.
There is a stone staircase leading up here.
There is a stone staircase leading down here.
A centaur warrior comes into view.
The centaur warrior wields a +0 longbow.
The centaur warrior shoots an arrow.
The arrow closely misses you.
Casting: Wereblood (safe; 1% risk of failure)
Confirm with . or Enter, or press ? or * to list all spells.
You feel a surge of power!
You turn into a creature of crystalline ice.
Your staff of air melds into your body.
The centaur warrior shoots an arrow.
The arrow hits you!
The centaur warrior shoots an arrow.
The arrow hits you!!
There is a stone staircase leading down here.
The centaur warrior shoots an arrow.
The arrow hits you!
The centaur warrior shoots an arrow.
The arrow hits you!
The centaur warrior shoots an arrow.
The arrow barely misses you.
The centaur warrior shoots an arrow.
The arrow hits you!!
* * * LOW HITPOINT WARNING * * *
The centaur warrior shoots an arrow.
The arrow hits you!!
You die...

..# .. .c#
..... .#.#
..# #.#
#.##
#.c########
+..>.....Y#
#######.#.#
#...# #####


You could see a centaur warrior.

Vanquished Creatures
  A wyvern (D:7)
  Menkaure (D:6)
  An acid dragon (D:7)
  3 water moccasins (D:7)
  A sky beast (D:7)
  2 orc warriors (D:7)
  2 black bears
  3 ogres (D:5)
  A centaur (D:4)
  A phantom (D:4)
  A kobold brigand (D:6)
  A gnoll sergeant (D:5)
  2 bullfrogs (D:7)
  A necrophage (D:5)
  A scorpion (D:7)
  3 wights (D:8)
  3 killer bees (D:7)
  3 electric eels (D:6)
  2 hounds
  A jelly (D:6)
  An orc priest (D:4)
  A gnoll bouda (D:4)
  Jessica (D:2)
  6 iguanas
  Ijyb (D:3)
  2 orc wizards
  10 gnolls
  7 adders
  2 dart slugs (D:2)
  26 orcs
  6 ball pythons
  3 bats
  8 endoplasms
  4 giant cockroaches
  3 goblins
  5 hobgoblins
  3 jackals (D:1)
  16 kobolds
  4 quokkas
  3 frilled lizards (D:1)
  5 rats
151 creatures vanquished.

Vanquished Creatures (others)
  12 plants (D:6)
12 creatures vanquished.

Grand Total: 163 creatures vanquished

Notes
Turn   | Place    | Note
-------+----------+-------------------------------------------
     0 | D:1      | wormed the Octopode Transmuter began the quest for the Orb.
     0 | D:1      | Reached XP level 1. HP: 13/13 MP: 3/3
   165 | D:1      | Reached XP level 2. HP: 18/18 MP: 3/5
   315 | D:1      | Reached skill level 1 in Ice Magic
   383 | D:1      | Reached XP level 3. HP: 23/23 MP: 4/6
   685 | D:1      | Learned a level 2 spell: Wereblood
   842 | D:2      | Reached skill level 3 in Transmutations
   847 | D:2      | Noticed Jessica
   898 | D:2      | Killed Jessica
   899 | D:2      | Reached XP level 4. HP: 24/28 MP: 3/7
   916 | D:2      | Learned a level 4 spell: Ice Form
  1484 | D:2      | Found a faded altar of an unknown god.
  2186 | D:3      | Noticed Ijyb
  2195 | D:3      | Killed Ijyb
  2196 | D:3      | Reached XP level 5. HP: 18/33 MP: 3/9
  2684 | D:4      | Reached skill level 4 in Transmutations
  3158 | D:4      | Noticed a black bear
  3164 | D:4      | Reached XP level 6. HP: 26/38 MP: 3/10
  3311 | D:4      | Reached skill level 5 in Transmutations
  3506 | D:4      | Reached XP level 7. HP: 43/43 MP: 8/12
  4011 | D:4      | Found Murphola's Book Boutique.
  4078 | D:4      | Identified a scroll of acquirement
  4078 | D:4      | Acquired 840 gold pieces
  4097 | D:5      | Entered Level 5 of the Dungeon
  4370 | D:5      | Reached skill level 6 in Transmutations
  4757 | D:5      | Reached XP level 8. HP: 34/48 MP: 6/14
  5106 | D:5      | Reached skill level 7 in Transmutations
  5269 | D:5      | Found a staircase to the Ecumenical Temple.
  5480 | D:6      | Noticed Menkaure
  5914 | D:6      | Killed Menkaure
  5915 | D:6      | Reached skill level 5 in Spellcasting
  6433 | D:6      | Reached skill level 5 in Ice Magic
  6692 | D:6      | Found Ferch's Antique Weapon Shoppe.
  6764 | D:6      | Found a stormy altar of Qazlal.
  6766 | D:6      | Found a radiant altar of Vehumet.
  6816 | D:6      | Found a shadowy altar of Dithmenos.
  6869 | D:6      | Found a glowing golden altar of the Shining One.
  7235 | D:7      | Reached skill level 8 in Transmutations
  7235 | D:7      | Reached XP level 9. HP: 54/54 MP: 6/16
  7656 | D:7      | Noticed a gargoyle
  7789 | D:6      | Found a glowing silver altar of Zin.
  8707 | D:7      | Reached skill level 9 in Transmutations
  9056 | D:8      | Noticed a centaur warrior
  9065 | D:8      | Shot with an arrow by a centaur warrior

Illustrated notes

Levels and vault maps discovered:
D:1:      tarquinn_simple_flora_water_b, layout_rooms, interstate_on_off,
          minmay_misc_feat_pillars
D:2:      layout_basic, serial_glass, glass_columns_c, glass_columns_b,
          shapermc_ecumenical_altar_acropolis, uniq_jessica
D:3:      layout_loops_ring, serial_rivers, chequers_serial_rivers_large_a,
          chequers_serial_rivers_small_a, chequers_serial_rivers_micro_a,
          chequers_serial_rivers_small_a, chequers_serial_rivers_small_3,
          chequers_serial_rivers_room_a, uniq_ijyb
D:4:      layout_rooms, serial_shops, kennysheep_little_box
D:5:      layout_gridville, minmay_temple_entry_enclosed_plants
D:6:      layout_basic, grunt_dithmenos_smoke_and_mirrors,
          nicolae_overflow_hidden_temple, serial_shops,
          nicolae_inconvenience_store, serial_bayou, serial_bayou_lagoon_b,
          serial_bayou_crossing, serial_bayou_pond_a, serial_bayou_shore_a,
          minivault_25, uniq_menkaure
D:7:      minmay_chambers_of_sixes, layout_basic
D:8:      layout_basic, mainiacjoe_overflow_alcove_4

Skill      XL: |  1  2  3  4  5  6  7  8  9 |
---------------+----------------------------+-----
Ice Magic      | 1 2 3 4 5 |  5.0
Transmutations | 3 4 5 6 8 9 |  9.1
Spellcasting   | 3 4 5 |  5.9
Fighting       | 3 |  3.3
Dodging        | 3 |  3.8
Unarmed Combat | 4 |  4.4

Action                   |  1- 3 |  4- 6 |  7- 9 || total
-------------------------+-------+-------+-------++-------
Melee: Unarmed           |    60 |   128 |   263 ||   451
       Constrict         |    19 |    18 |     1 ||    38
       Kick              |    18 |    18 |       ||    36
       Tentacles         |    10 |    14 |       ||    24
       Punch             |     3 |     5 |       ||     8
 Cast: Beastly Appendage |    18 |    19 |     1 ||    38
       Wereblood         |     5 |    21 |    21 ||    47
       Ice Form          |       |     5 |    43 ||    48
  Use: Scroll            |     4 |     8 |     4 ||    16
       Potion            |       |     6 |     2 ||     8
 Stab: Sleeping          |     7 |       |       ||     7
Armor: Skin              |     5 |    55 |   132 ||   192
Dodge: Dodged            |    44 |    68 |   161 ||   273

Table legend: (Time is in decaauts)
 A = Elapsed time spent in this place.
 B = Non-inter-level travel time spent in this place.
 C = Inter-level travel time spent in this place.
 D = Time resting spent in this place.
 E = Time spent auto-exploring this place.
 F = Levels seen in this place.
 G = Mean time per level.
                   A        B        C        D        E       F      G
               +--------+--------+--------+--------+--------+-----+--------+
         Total |   9037 |   8721 |    316 |   1338 |   5924 |   8 | 1129.6 |
       Dungeon |   9037 |   8721 |    316 |   1338 |   5924 |   8 | 1129.6 |
               +--------+--------+--------+--------+--------+-----+--------+

Top non-repeatable levels by time:
     D:6: 1755 daAuts
     D:7: 1540 daAuts
     D:5: 1492 daAuts
     D:3: 1345 daAuts
     D:4: 1161 daAuts
     D:2: 995 daAuts
     D:1: 701 daAuts
     D:8: 45 daAuts
